 Dungeon Crawl Stone Soup version 0.29-a0-857-g9b1aa3ac5b (webtiles) character file.

Game seed: 15765450865162252667

34 nxtlvl the Cutter (level 3, 0/22 HPs)
             Began as a Deep Elf Monk on July 16, 2022.
             Slain by a ball python (2 damage)
             ... on level 3 of the Dungeon.
             The game lasted 00:03:35 (674 turns).

nxtlvl the Cutter (Deep Elf Monk)                    Turns: 674, Time: 00:03:35

Health: 0/22       AC:  2    Str: 14    XL:     3   Next: 14%
Magic:  5/5        EV: 10    Int: 16    God:
Gold:   63         SH:  0    Dex: 17    Spells: 2/2 levels left

rFire   . . .      SeeInvis .   a - +0 short sword
rCold   . . .      Faith    .   (no shield)
rNeg    . . .      Spirit   .   b - +0 robe
rPois   .          Reflect  .   (no helmet)
rElec   .          Harm     .   (no cloak)
rCorr   .          Rampage  .   (no gloves)
Will    .....                   (no boots)
Stlth   ++........              (no amulet)
HPRegen 0.07/turn               j - +6 ring of strength
MPRegen 0.09/turn               (no ring)

@: constricted
A: no striking features
a: no special abilities


You were on level 3 of the Dungeon.
You visited 1 branch of the dungeon, and saw 4 of its levels.

You collected 63 gold pieces.

Inventory:

Hand Weapons
 a - a +0 short sword (weapon)
Missiles
 d - 25 stones (quivered)
Armour
 b - a +0 robe (worn)
Jewellery
 j - a +6 ring of strength (left hand)
Scrolls
 e - a scroll of torment {unknown}
 h - a scroll of fear {unknown}
 k - a scroll of noise {unknown}
Potions
 c - a potion of ambrosia
 f - a potion of flight {unknown}
 g - a potion of heal wounds {unknown}
 i - a potion of haste {unknown}


   Skills:
 - Level 2.4 Fighting
 * Level 4.3 Short Blades
 - Level 3.6 Dodging
 - Level 2.4 Stealth


You had 2 spell levels left.
You didn't know any spells.
Your spell library was empty.

Dungeon Overview and Level Annotations

Branches:
Dungeon (4/15)
 Temple: D:4-7

Altars:


Message History

You now have 63 gold pieces (gained 2).
You open the door.
There is an open door here.
A quokka comes into view.
Found a stone staircase leading up.
A ball python comes into view.
You barely miss the quokka. The quokka closely misses you.
You closely miss the quokka. The quokka barely misses you.
The quokka bites you. The quokka attacks as you move away!
The quokka completely misses you.
You miss the quokka. The quokka closely misses you.
You hit the quokka.
The quokka is heavily wounded.
The quokka misses you.
You hit the quokka.
You kill the quokka!
You closely miss the ball python. The ball python barely misses you.
The ball python closely misses you. The ball python bites you.
The ball python closely misses you.
You closely miss the ball python. The ball python closely misses you. x2
You hit the ball python.
The ball python is moderately wounded.
The ball python barely misses you. The ball python grabs you.
The ball python constricts you.
You closely miss the ball python.
The ball python is moderately wounded.
The ball python bites you.
* * * LOW HITPOINT WARNING * * *
The ball python constricts you.
* * * LOW HITPOINT WARNING * * *
You completely miss the ball python.
The ball python is moderately wounded.
The ball python bites you.
* * * LOW HITPOINT WARNING * * *
The ball python constricts you.
* * * LOW HITPOINT WARNING * * *
You hit the ball python but do no damage.
The ball python is moderately wounded.
The ball python bites you.
You die...

######.....###.########
#.>........##..........
#..........##..........
#......................
#...............#'#####
#...............#.#
#..>............#.#
######'#........#.#
#@#........#.#####
#########S#........#......
#.........#........#######
#.........#........#
+.........#........#
#.........#........#
#.........##########
#.........# #.........#


You could see a ball python.

Vanquished Creatures
  An adder (D:4)
  A dart slug (D:1)
  4 ball pythons
  An endoplasm (D:4)
  3 goblins (D:4)
  4 hobgoblins
  2 quokkas
  A bat (D:1)
  A frilled lizard (D:1)
  2 rats
20 creatures vanquished.

Notes
Turn   | Place    | Note
-------+----------+-------------------------------------------
     0 | D:1      | nxtlvl the Deep Elf Monk began the quest for the Orb.
     0 | D:1      | Reached XP level 1. HP: 13/13 MP: 3/3
    88 | D:2      | Reached XP level 2. HP: 14/18 MP: 4/4
   471 | D:4      | Reached skill level 4 in Short Blades
   482 | D:4      | Reached XP level 3. HP: 9/22 MP: 5/5
   523 | D:4      | Noticed a necrophage
   674 | D:3      | Slain by a ball python

Illustrated notes

Levels and vault maps discovered:
D:1:      erik_arrival_orb_chamber, layout_rooms,
          dreamdust_ecumenical_altar_sealed_demon
D:2:      layout_basic, basic_altar, kennysheep_generic_room_9
D:3:      layout_basic, regret_index_temple_of_mockery
D:4:      layout_basic, serial_shops, kennysheep_little_box, minmay_box_of_dots

Skill      XL: |  1  2 |
---------------+-------+-----
Short Blades   | 4 |  4.3
Fighting       | |  2.4
Dodging        | |  3.6
Stealth        | |  2.4

Action                   || total
-------------------------++-------
Melee: Short sword       ||    79
 Stab: Sleeping          ||     1
Armor: Robe              ||    10
Dodge: Dodged            ||    37

Table legend: (Time is in decaauts)
 A = Elapsed time spent in this place.
 B = Non-inter-level travel time spent in this place.
 C = Inter-level travel time spent in this place.
 D = Time resting spent in this place.
 E = Time spent auto-exploring this place.
 F = Levels seen in this place.
 G = Mean time per level.
                   A        B        C        D        E       F      G
               +--------+--------+--------+--------+--------+-----+--------+
         Total |    665 |    665 |      0 |      0 |      9 |   4 |  166.2 |
       Dungeon |    665 |    665 |      0 |      0 |      9 |   4 |  166.2 |
               +--------+--------+--------+--------+--------+-----+--------+

Top non-repeatable levels by time:
     D:4: 385 daAuts
     D:3: 112 daAuts
     D:2: 95 daAuts
     D:1: 72 daAuts
